Map: Recife Abissal LE

Players

TheZergLord - Winner!

  • Race: Zerg Zerg
  • League: Grandmaster
  • Spawn Location: 11:00

Lico

  • Race: Zerg Zerg
  • League: Master
  • Spawn Location: 5:00

VOD

Have the link to the VOD?

Description

Time

  • Played on: June 12, 2017, 1:57 p.m.
  • Length: 9:35
Show
View Real Time Build Order
Export as new Build Order

TheZergLord Zerg - Winner!

Build Orders: Hatch First 

Get SALT Encoding   

  12  0:01  Drone  
  13  0:12  Overlord  
  13  0:18  Drone  
  14  0:31  Drone x2  
  14  0:34  Drone  
  17  0:53  Hatchery  
  17  0:56  Drone  
  17  0:59  Drone  
  18  1:11  Extractor  
  18  1:14  Spawning Pool  
  18  1:18  Drone  
  17  1:20  Drone  
  18  1:28  Drone  
  19  1:39  Overlord  
  19  2:01  Queen, Zergling x2  
  21  2:02  Zergling x2  
  21  2:05  Drone, Queen  
  26  2:10  Metabolic Boost  
  26  2:12  Drone  
  27  2:16  Drone  
  27  2:22  Drone  
  29  2:27  Drone  
  30  2:31  Baneling Nest  
  30  2:35  Drone  
  30  2:37  Drone  
  31  2:50  Hatchery  
  30  2:52  Zergling x2  
  30  2:54  Zergling x2  
  32  3:03  Zergling x4  
  34  3:10  Zergling x4  
  35  3:14  Baneling x2  
  35  3:15  Baneling  
  35  3:18  Baneling  
  35  3:23  Overlord  
  35  3:24  Overlord  
  35  3:40  Queen  
  30  3:51  Drone x2  
  30  3:52  Drone x7  
  30  3:53  Drone x3  
  42  3:59  Baneling  
  42  4:03  Queen  
  42  4:09  Queen  
  46  4:16  Roach Warren  
  45  4:21  Drone x2  
  45  4:22  Drone x2  
  48  4:25  Extractor  
  47  4:35  Overlord  
  47  4:44  Zergling x4  
  49  4:52  Overlord x3  
  49  4:59  Roach x6  
  61  5:06  Roach x2  
  63  5:17  Roach x4  
  63  5:19  Roach  
  71  5:25  Overlord  
  71  5:26  Drone  
  71  5:27  Drone x3  
  75  5:33  Zergling x4  
  75  5:39  Zergling x4  
  75  5:42  Zergling x2, Evolution Chamber  
  77  5:43  Extractor  
  77  5:46  Zergling x2  
  77  5:52  Drone x2  
  78  6:06  Drone x2  
  78  6:10  Ravager  
  82  6:11  Drone x4  
  82  6:12  Drone x5  
  82  6:17  Drone x2  
  89  6:24  Drone x2  
  85  6:33  Roach x2  
  85  6:34  Roach  
  85  6:35  Lair, Zerg Missile Weapons Level 1  
  89  6:40  Roach x2, Extractor  
  89  6:41  Roach  
  94  6:53  Roach x2  
  98  6:55  Overlord x4  
  98  7:05  Overlord x2  
  98  7:15  Roach x6  
  110  7:16  Roach  
  110  7:18  Roach x3  
  118  7:24  Roach x2  
  118  7:29  Roach  
  116  7:37  Drone x3  
  116  7:39  Glial Reconstitution  
  116  7:42  Overseer  
  123  7:44  Roach x4  
  123  7:45  Roach  
  123  7:47  Overlord x3  
  123  7:48  Overlord  
  129  7:54  Roach x2  
  129  7:55  Roach  
  135  7:59  Roach x2  
  135  8:04  Roach  
  141  8:08  Roach x2  
  141  8:11  Roach  
  147  8:15  Roach x4  
  155  8:21  Roach x2  
  155  8:22  Roach  
  155  8:26  Overlord x2  
  161  8:33  Drone x2  
  163  8:36  Extractor  
  162  8:45  Hatchery  
  161  8:49  Roach x3  
  161  8:51  Drone  
  161  8:52  Drone x2  
  170  8:58  Roach x3  
Show
View Real Time Build Order
Export as new Build Order

Lico Zerg 

Build Orders: Pool First, Zergling Baneling 

Get SALT Encoding   

  12  0:01  Drone  
  13  0:08  Drone  
  14  0:20  Overlord  
  14  0:30  Extractor  
  14  0:31  Drone  
  15  0:38  Drone  
  15  0:39  Drone  
  17  0:45  Drone  
  18  0:57  Drone  
  18  0:58  Extractor  
  18  1:00  Spawning Pool  
  17  1:06  Drone  
  18  1:18  Drone  
  19  1:29  Hatchery  
  18  1:35  Overlord  
  18  1:47  Queen  
  18  1:50  Zergling x2  
  22  2:01  Drone, Metabolic Boost  
  22  2:05  Drone  
  23  2:21  Baneling Nest  
  23  2:22  Zergling x4  
  24  2:27  Queen  
  26  2:33  Zergling x2  
  27  2:43  Zergling x2  
  28  2:44  Zergling x2  
  29  2:54  Zergling x2  
  29  2:55  Zergling x2  
  29  2:58  Zergling x6  
  34  3:06  Baneling x2  
  34  3:10  Drone  
  34  3:11  Drone  
  36  3:18  Baneling x3  
  36  3:19  Overlord  
  29  3:41  Drone x2  
  29  3:43  Drone x2  
  29  3:44  Drone  
  29  3:47  Drone x2  
  32  3:50  Zergling x4  
  32  3:51  Drone  
  32  3:53  Drone x2  
  37  4:04  Zergling x2  
  37  4:05  Zergling x2  
  39  4:10  Baneling x3  
  39  4:11  Baneling  
  39  4:15  Zergling x4  
  41  4:20  Zergling x2  
  41  4:22  Zergling x2  
  41  4:24  Zergling x2  
  44  4:29  Hatchery  
  43  4:33  Zergling x2  
  43  4:36  Overlord  
  44  4:42  Roach Warren  
  43  4:46  Drone  
  43  4:48  Baneling x3  
  43  4:49  Overlord  
  44  5:04  Drone x5  
  44  5:06  Drone x4  
  49  5:07  Drone  
  48  5:16  Drone  
  48  5:20  Drone x3  
  50  5:24  Extractor  
  50  5:26  Roach x4  
  56  5:29  Roach  
  56  5:33  Roach  
  59  5:40  Overlord  
  59  5:42  Roach  
  61  5:44  Roach  
  63  5:51  Roach  
  65  5:58  Overlord  
  65  5:59  Extractor  
  65  6:01  Roach x3  
  73  6:05  Overlord  
  73  6:10  Zergling x2  
  72  6:23  Roach x4  
  72  6:24  Roach x2  
  81  6:26  Drone, Zergling x2  
  81  6:27  Zergling x2  
  81  6:30  Zergling x4  
  81  6:35  Roach  
  83  6:44  Hatchery  
  82  6:49  Extractor  
  81  6:55  Hatchery  
  80  7:06  Baneling  
  80  7:08  Drone  
  80  7:09  Drone x3  
  80  7:10  Overlord  
  80  7:11  Lair  
  80  7:14  Evolution Chamber, Extractor  
  81  7:27  Drone x3  
  82  7:36  Drone x6  
  82  7:37  Drone, Roach x2  
  81  7:38  Roach  
  87  7:46  Evolution Chamber  
  86  7:56  Roach x3  
  86  7:57  Drone, Queen  
  95  8:01  Drone, Unknown  
  96  8:07  Drone x2  
  96  8:08  Drone x4  
  102  8:12  Queen  
  102  8:13  Extractor  
  102  8:15  Glial Reconstitution  
  102  8:19  Overlord  
  103  8:25  Overlord, Overseer  
  103  8:31  Overlord x2  
  104  8:34  Overlord  
  104  8:37  Pneumatized Carapace  
  104  8:38  Overlord, Roach x2  
  104  8:39  Roach  
  111  8:41  Ravager  
  111  8:45  Roach x4  
  119  8:49  Roach x2  
  119  8:52  Roach  
  119  8:54  Roach  
  119  8:55  Roach  
  127  8:57  Ravager  
  127  8:58  Ravager  
  127  9:01  Roach x2  
  133  9:03  Overlord  
  133  9:04  Roach  
  133  9:06  Roach  
  137  9:13  Roach x2  
  137  9:15  Roach x2  
Tags
 
Add a new tag
Caveats
  • Supply blocks, unpowered buildings, or Contaminate may cause inaccurate times.
  • Supply counts are checked every 10 seconds.